 Dungeon Crawl Stone Soup version 0.29.1-12-g30fa7ad0bf (webtiles) character file.

Game seed: 16050035678515730021

746 xzight the Shield-Bearer (level 7, -7/60 HPs)
             Began as a Gnoll Fighter on Dec 29, 2022.
             Was an Initiate of Cheibriados.
             Mangled by an iguana (11 damage)
             ... on level 6 of the Dungeon.
             The game lasted 00:08:08 (5371 turns).

xzight the Shield-Bearer (Gnoll Fighter)            Turns: 5371, Time: 00:08:08

Health: -7/60      AC:  9    Str: 16    XL:     7   Next: 77%
Magic:  11/11      EV: 10    Int: 10    God:    Cheibriados [......]
Gold:   150        SH:  6    Dex: 13    Spells: 11/11 levels left

rFire   . . .      SeeInvis .   a - +0 trident
rCold   . . .      Faith    .   c - +0 buckler
rNeg    . . .      Spirit   .   b - +0 scale mail
rPois   .          Reflect  .   t - +0 helmet
rElec   .          Harm     .   r - +0 cloak
rCorr   .          Rampage  .   y - +0 pair of gloves
Will    .....                   f - +0 pair of boots
Stlth   +.........              (no amulet)
HPRegen 0.20/turn               (no ring)
MPRegen 0.12/turn               (no ring)

@: corroded, very slow
A: fangs 1, strong nose, distributed training
a: Renounce Religion


You were on level 6 of the Dungeon.
You worshipped Cheibriados.
Cheibriados was noncommittal.
You visited 2 branches of the dungeon, and saw 7 of its levels.

You collected 150 gold pieces.


Innate Abilities, Weirdness & Mutations

You have very sharp teeth.
Your uncanny sense of smell can sniff out nearby items.
Your experience applies equally to all skills.


   Skills:
 + Level 7.2 Fighting
 + Level 2.8 Short Blades
 + Level 2.8 Long Blades
 + Level 2.8 Axes
 + Level 2.8 Maces & Flails
 + Level 5.4 Polearms
 + Level 2.8 Staves
 + Level 2.8 Ranged Weapons
 + Level 2.8 Throwing
 + Level 7.2 Armour
 + Level 2.8 Dodging
 + Level 2.8 Stealth
 + Level 7.2 Shields
 + Level 2.8 Unarmed Combat
 + Level 2.8 Spellcasting
 + Level 2.3 Conjurations
 + Level 2.3 Hexes
 + Level 2.3 Summonings
 + Level 2.3 Necromancy
 + Level 2.3 Translocations
 + Level 2.3 Transmutations
 + Level 2.3 Fire Magic
 + Level 2.3 Ice Magic
 + Level 2.3 Air Magic
 + Level 2.3 Earth Magic
 + Level 2.3 Poison Magic
 + Level 3.1 Invocations
 + Level 2.8 Evocations


You had 11 spell levels left.
You didn't know any spells.
Your spell library contained the following spells:

 Spells                   Type           Power      Damage    Failure   Level
 Magic Dart               Conj           24%        1d4       41%         1
 Summon Small Mammal      Summ           24%        N/A       41%         1
 Call Imp                 Summ           6%         N/A       54%         2
 Ensorcelled Hibernation  Hex/Ice        12%        N/A       54%         2
 Passwall                 Tmut/Erth      5%         N/A       54%         2
 Static Discharge         Conj/Air       6%         3-4/arc   54%         2
 Sublimation of Blood     Necr           6%         N/A       54%         2
 Wereblood                Tmut           6%         N/A       54%         2
 Call Canine Familiar     Summ           6%         N/A       78%         3
 Mephitic Cloud           Conj/Pois/Air  6%         N/A       78%         3
 Summon Guardian Golem    Hex/Summ       6%         N/A       78%         3
 Swiftness                Air            6%         N/A       78%         3
 Animate Armour           Summ/Erth      12%        N/A       99%         4
 Summon Lightning Spire   Summ/Air       6%         N/A       99%         4
 Lightning Bolt           Conj/Air       3%         1d14      100%        5
 Summon Hydra             Summ           3%         N/A       100%        7
 Maxwell's Capacitive Co  Air            3%         ∞         100%        8
 Shatter                  Erth           3%         3d7*      100%        9

Inventory:

Hand Weapons
 a - a +0 trident (weapon)
Armour
 b - a +0 scale mail (worn)
 c - a +0 buckler (worn)
 f - a +0 pair of boots (worn)
 r - a +0 cloak (worn)
 t - a +0 helmet (worn)
 y - a +0 pair of gloves (worn)
Scrolls
 i - 4 scrolls of butterflies
 j - 2 scrolls of immolation
 k - 3 scrolls of teleportation {@r2}
 m - a scroll of summoning {unknown}
 o - a scroll of poison {unknown}
 p - 2 scrolls of enchant armour
 u - a scroll of vulnerability {unknown}
 v - a scroll of torment {unknown}
 x - a scroll of noise {unknown}
 A - a scroll of brand weapon {unknown}
Potions
 d - 2 potions of might
 e - a potion of lignification {unknown}
 g - 2 potions of mutation
 h - 2 potions of curing {@q1}
 l - 2 potions of brilliance
 n - 2 potions of attraction
 q - a potion of flight {unknown}
 s - 2 potions of heal wounds {@q2}
 w - a potion of degeneration {unknown}
 z - 2 potions of haste {@q3}

Dungeon Overview and Level Annotations

Branches:
Dungeon (6/15)             Temple (1/1) D:5

Altars:
Cheibriados
Elyvilon
Gozag
Hepliaklqana
Qazlal
Uskayaw
Xom
Yredelemnul
Zin

#.... .... #....
....## .......? ....
......# .......
...###.#...### ..#.>.#
.......#...#.##......#
.....................#
.<.......##..#.# ...#
.........#.....##h.#
.<###...#.......@D.##
.###....#....#...l..#
. #.........##...!##
......#.....###..###
#..#..###.### ##.#
####### #.# ### ###


You could see an acid dragon (catching breath), an iguana and a hound.


Message History

The acid dragon is heavily wounded.
The hound barely misses you. The acid dragon closely misses you.
You block the acid dragon's attack. The hound bites you but does no damage.
You hit the acid dragon but do no damage.
The acid dragon is heavily wounded.
The hound barely misses you. The acid dragon bites you.
* * * LOW HITPOINT WARNING * * *
The acid dragon barely misses you.
You hit the acid dragon but do no damage.
The acid dragon is heavily wounded.
The hound bites you but does no damage.
The acid dragon bites you but does no damage.
The acid dragon barely misses you. The hound bites you.
* * * LOW HITPOINT WARNING * * *
You barely miss the acid dragon.
The acid dragon is heavily wounded.
You block the hound's attack. The iguana barely misses you.
The acid dragon barely misses you. The acid dragon closely misses you.
You block the hound's attack.
You hit the acid dragon but do no damage.
Your bite misses the acid dragon.
The acid dragon is heavily wounded.
You block the acid dragon's attack. The acid dragon claws you.
* * * LOW HITPOINT WARNING * * *
The iguana barely misses you. The hound bites you but does no damage.
The acid dragon spits acid at you. The splash of acid hits you!
* * * LOW HITPOINT WARNING * * *
The iguana bites you!
You die...

Skill      XL: |  1  2  3  4  5  6  7 |
---------------+----------------------+-----
Invocations    | 1 2 3 |  3.1
Short Blades   | 1 2 |  2.8
Long Blades    | 1 2 |  2.8
Axes           | 1 2 |  2.8
Maces & Flails | 1 2 |  2.8
Staves         | 1 2 |  2.8
Ranged Weapons | 1 2 |  2.8
Throwing       | 1 2 |  2.8
Dodging        | 1 2 |  2.8
Stealth        | 1 2 |  2.8
Unarmed Combat | 1 2 |  2.8
Spellcasting   | 1 2 |  2.8
Evocations     | 1 2 |  2.8
Conjurations   | 1 2 |  2.3
Hexes          | 1 2 |  2.3
Summonings     | 1 2 |  2.3
Necromancy     | 1 2 |  2.3
Translocations | 1 2 |  2.3
Transmutations | 1 2 |  2.3
Fire Magic     | 1 2 |  2.3
Ice Magic      | 1 2 |  2.3
Air Magic      | 1 2 |  2.3
Earth Magic    | 1 2 |  2.3
Poison Magic   | 1 2 |  2.3
Polearms       | 5 |  5.4
Fighting       | 7 |  7.2
Armour         | 7 |  7.2
Shields        | 7 |  7.2

Action                   |  1- 3 |  4- 6 |  7- 9 || total
-------------------------+-------+-------+-------++-------
Melee: Trident           |   158 |   195 |    79 ||   432
       Bite              |     8 |    13 |     6 ||    27
  Use: Scroll            |       |     4 |     5 ||     9
       Potion            |       |     2 |       ||     2
Armor: Scale mail        |    64 |    54 |    33 ||   151
Dodge: Dodged            |    69 |    42 |    42 ||   153
Block: Buckler           |    33 |    32 |    24 ||    89

Levels and vault maps discovered:
D:1:      dpeg_arrival_rooms_with_view, layout_basic,
          hellmonk_ecumenical_altar_zigzags, minivault_27, minmay_tetromino_s2
D:2:      layout_loops_cross, uniq_robin
D:3:      layout_basic, nicolae_uskayaw_dance_hall
D:4:      layout_cave_pods, zin_academy
D:5:      layout_basic, minmay_temple_entry_trees, serial_curves,
          eino_curves_04, eino_curves_03
D:6:      layout_cave_pools, mainiacjoe_overflow_chevrons,
          dreamdust_princess_corridor, lightli_orcish_oven
Temple:   dshaligram_water_room_temple

Notes
Turn   | Place    | Note
-------+----------+-------------------------------------------
     0 | D:1      | xzight the Gnoll Fighter began the quest for the Orb.
     0 | D:1      | Reached XP level 1. HP: 23/23 MP: 1/1
   174 | D:1      | Got Luetats's Secrets of the Lithosphere and the Legion
   200 | D:1      | Found a faded altar of an unknown god.
   334 | D:1      | Reached XP level 2. HP: 29/29 MP: 2/2
   573 | D:1      | Reached XP level 3. HP: 19/35 MP: 3/3
   979 | D:1      | Reached skill level 1 in Invocations
  1444 | D:2      | Noticed a black bear
  1449 | D:2      | Reached skill level 1 in Short Blades
  1449 | D:2      | Reached skill level 1 in Long Blades
  1449 | D:2      | Reached skill level 1 in Axes
  1449 | D:2      | Reached skill level 1 in Maces & Flails
  1449 | D:2      | Reached skill level 1 in Staves
  1449 | D:2      | Reached skill level 1 in Ranged Weapons
  1449 | D:2      | Reached skill level 1 in Throwing
  1449 | D:2      | Reached skill level 1 in Dodging
  1449 | D:2      | Reached skill level 1 in Stealth
  1449 | D:2      | Reached skill level 1 in Unarmed Combat
  1449 | D:2      | Reached skill level 1 in Spellcasting
  1449 | D:2      | Reached skill level 1 in Evocations
  1630 | D:2      | Reached XP level 4. HP: 37/41 MP: 5/5
  1723 | D:2      | You fall into a shaft and drop 1 floor!
  2250 | D:2      | Reached skill level 1 in Conjurations
  2250 | D:2      | Reached skill level 1 in Hexes
  2250 | D:2      | Reached skill level 1 in Summonings
  2250 | D:2      | Reached skill level 1 in Necromancy
  2250 | D:2      | Reached skill level 1 in Translocations
  2250 | D:2      | Reached skill level 1 in Transmutations
  2250 | D:2      | Reached skill level 1 in Fire Magic
  2250 | D:2      | Reached skill level 1 in Ice Magic
  2250 | D:2      | Reached skill level 1 in Air Magic
  2250 | D:2      | Reached skill level 1 in Earth Magic
  2250 | D:2      | Reached skill level 1 in Poison Magic
  2291 | D:2      | Noticed Robin
  2300 | D:2      | Killed Robin
  2499 | D:3      | Reached XP level 5. HP: 31/47 MP: 7/7
  3029 | D:3      | Found a hide-covered altar of Uskayaw.
  3278 | D:4      | Found a glowing silver altar of Zin.
  3432 | D:4      | Noticed a phantom
  3466 | D:4      | Killed a phantom
  3467 | D:4      | Reached skill level 2 in Invocations
  3467 | D:4      | Reached XP level 6. HP: 44/53 MP: 8/8
  3599 | D:4      | Reached skill level 2 in Short Blades
  3599 | D:4      | Reached skill level 2 in Long Blades
  3599 | D:4      | Reached skill level 2 in Axes
  3599 | D:4      | Reached skill level 2 in Maces & Flails
  3599 | D:4      | Reached skill level 5 in Polearms
  3599 | D:4      | Reached skill level 2 in Staves
  3599 | D:4      | Reached skill level 2 in Ranged Weapons
  3599 | D:4      | Reached skill level 2 in Throwing
  3599 | D:4      | Reached skill level 2 in Dodging
  3599 | D:4      | Reached skill level 2 in Stealth
  3599 | D:4      | Reached skill level 2 in Unarmed Combat
  3599 | D:4      | Reached skill level 2 in Spellcasting
  3599 | D:4      | Reached skill level 2 in Evocations
  4241 | D:5      | Entered Level 5 of the Dungeon
  4326 | D:5      | Reached skill level 7 in Fighting
  4326 | D:5      | Reached skill level 7 in Armour
  4326 | D:5      | Reached skill level 7 in Shields
  4326 | D:5      | Reached XP level 7. HP: 23/60 MP: 10/10
  4340 | D:5      | Reached skill level 2 in Conjurations
  4340 | D:5      | Reached skill level 2 in Hexes
  4340 | D:5      | Reached skill level 2 in Summonings
  4340 | D:5      | Reached skill level 2 in Necromancy
  4340 | D:5      | Reached skill level 2 in Translocations
  4340 | D:5      | Reached skill level 2 in Transmutations
  4340 | D:5      | Reached skill level 2 in Fire Magic
  4340 | D:5      | Reached skill level 2 in Ice Magic
  4340 | D:5      | Reached skill level 2 in Air Magic
  4340 | D:5      | Reached skill level 2 in Earth Magic
  4340 | D:5      | Reached skill level 2 in Poison Magic
  4889 | D:5      | Found a staircase to the Ecumenical Temple.
  4920 | Temple   | Entered the Ecumenical Temple
  4941 | Temple   | Became a worshipper of Cheibriados the Contemplative
  5016 | D:5      | Reached skill level 3 in Invocations
  5371 | D:6      | HP: 4/60 [acid dragon/splash of acid (9)]
  5371 | D:6      | Mangled by an iguana

Vanquished Creatures
  2 ogres
  A phantom (D:4)
  A howler monkey (D:5)
  5 hounds
  2 orc priests (D:5)
  2 iguanas
  An orc wizard (D:5)
  Robin (D:2)
  3 gnolls (D:3)
  3 adders
  2 dart slugs (D:2)
  3 worms
  12 orcs
  12 ball pythons
  7 endoplasms
  A giant cockroach (D:1)
  14 goblins
  8 hobgoblins
  4 kobolds
  5 quokkas
  9 bats
  6 frilled lizards
  4 rats
108 creatures vanquished.

Table legend: (Time is in decaauts)
 A = Elapsed time spent in this place.
 B = Non-inter-level travel time spent in this place.
 C = Inter-level travel time spent in this place.
 D = Time resting spent in this place.
 E = Time spent auto-exploring this place.
 F = Levels seen in this place.
 G = Mean time per level.
                   A        B        C        D        E       F      G
               +--------+--------+--------+--------+--------+-----+--------+
         Total |   5517 |   5344 |    173 |    476 |   3896 |   7 |  788.1 |
       Dungeon |   5471 |   5323 |    148 |    476 |   3888 |   6 |  911.8 |
        Temple |     46 |     21 |     25 |      0 |      8 |   1 |   46.0 |
               +--------+--------+--------+--------+--------+-----+--------+

Top non-repeatable levels by time:
     D:1: 1347 daAuts
     D:5: 1154 daAuts
     D:3: 980 daAuts
     D:4: 977 daAuts
     D:2: 967 daAuts
  Temple: 46 daAuts
     D:6: 42 daAuts

Table legend:
 A = Non-vault XP
 B = Vault XP
 C = Vault XP percentage of total XP
 D = Non-vault monster count
 E = Vault monster count
 F = Vault count percentage of total count
                 A         B        C        D         E       F
            +---------+---------+-------+---------+---------+-------
      Total |    1031 |      35 |   3.3 |      95 |      13 |  12.0
            +---------+---------+-------+---------+---------+-------
        D:1 |      48 |       4 |   7.7 |      29 |       3 |   9.4
        D:2 |      60 |      31 |  34.1 |      24 |      10 |  29.4
        D:3 |      59 |       0 |   0.0 |      11 |       0 |   0.0
        D:4 |     321 |       0 |   0.0 |      10 |       0 |   0.0
        D:5 |     543 |       0 |   0.0 |      21 |       0 |   0.0
            +---------+---------+-------+---------+---------+-------
